Map: Neon Violet Square LE

Players

TheDude - Winner!

  • Race: Protoss Protoss
  • League: Platinum
  • Spawn Location: 5:00

Kozzy

  • Race: Protoss Protoss
  • League: Gold
  • Spawn Location: 11:00

VOD

Have the link to the VOD?

Description

Time

  • Played on: April 4, 2018, 12:11 p.m.
  • Length: 9:30
Show
View Real Time Build Order
Export as new Build Order

TheDude Protoss - Winner!

Build Orders: Mass Adepts 

Get SALT Encoding   

  12  0:01  Probe  
  13  0:13  Probe  
  14  0:25  Probe  
  15  0:31  Assimilator  
  15  0:42  Pylon  
  15  1:00  Probe  
  15  1:01  Gateway  
  15  1:03  Gateway  
  16  1:13  Gateway  
  16  1:17  Probe  
  17  1:31  Probe  
  18  1:35  Gateway  
  18  1:48  Cybernetics Core  
  18  1:55  Probe  
  19  2:05  Pylon  
  19  2:07  Probe  
  20  2:11  Pylon  
  24  2:31  Adept (Chrono Boost)  
  24  2:32  Adept (Chrono Boost)  
  26  2:38  Adept (Chrono Boost)  
  26  2:40  Adept (Chrono Boost)  
  26  2:43  Warp Gate  
  28  2:55  Pylon  
  28  3:12  Pylon  
  28  3:13  Adept  
  28  3:14  Adept  
  32  3:29  Adept x2  
  36  3:42  Adept  
  36  3:43  Adept  
  40  3:53  Twilight Council  
  40  3:58  Adept  
  42  4:05  Adept  
  44  4:16  Adept  
  46  4:19  Adept  
  48  4:29  Pylon, Resonating Glaives (Chrono Boost)  
  48  4:47  Forge  
  46  5:35  Adept  
  46  5:36  Adept x3  
  48  6:07  Adept  
  48  6:08  Adept x3  
  54  6:30  Nexus  
  46  6:58  Adept x3  
  46  6:59  Adept  
  48  7:28  Photon Cannon, Protoss Ground Weapons Level 1  
  48  7:30  Photon Cannon, Adept x3  
  54  7:40  Adept  
  56  7:54  Pylon  
  56  8:11  Photon Cannon  
  50  8:41  Assimilator  
  50  8:46  Gateway  
  50  8:49  Cybernetics Core  
  50  9:00  Photon Cannon  
  50  9:02  Probe  
  51  9:10  Pylon  
  51  9:13  Pylon  
  51  9:14  Probe  
Show
View Real Time Build Order
Export as new Build Order

Kozzy Protoss 

Build Orders:  

Get SALT Encoding   

  12  0:00  Probe  
  13  0:13  Probe  
  14  0:19  Pylon  
  14  0:25  Probe  
  15  0:37  Probe (Chrono Boost)  
  15  0:38  Gateway  
  16  0:49  Probe (Chrono Boost)  
  17  0:53  Assimilator  
  17  0:58  Probe (Chrono Boost)  
  17  1:02  Assimilator  
  17  1:03  Probe  
  19  1:15  Probe  
  20  1:20  Pylon  
  20  1:27  Probe  
  20  1:30  Assimilator  
  21  1:39  Zealot  
  23  1:42  Cybernetics Core  
  23  1:43  Pylon  
  23  2:08  Zealot (Chrono Boost)  
  23  2:09  Gateway  
  25  2:20  Shield Battery  
  25  2:25  Shield Battery  
  25  2:32  Stalker (Chrono Boost)  
  27  2:48  Pylon  
  27  2:56  Stalker (Chrono Boost)  
  31  3:00  Stalker (Chrono Boost)  
  27  3:14  Warp Gate  
  29  3:27  Stalker (Chrono Boost)  
  29  3:31  Gateway  
  29  3:43  Gateway  
  29  3:48  Pylon  
  29  4:02  Forge  
  29  4:05  Pylon  
  29  4:15  Stalker (Chrono Boost)  
  31  4:21  Probe (Chrono Boost)  
  33  4:32  Probe (Chrono Boost)  
  33  4:40  Stalker (Chrono Boost)  
  35  4:45  Photon Cannon  
  35  4:53  Pylon  
  34  5:00  Photon Cannon  
  34  5:20  Protoss Ground Weapons Level 1 (Chrono Boost)  
  34  5:28  Stalker  
  34  5:29  Stalker x2  
  40  5:40  Twilight Council  
  40  5:46  Pylon  
  36  6:06  Stalker x2  
  38  6:20  Dark Shrine  
  38  6:25  Stalker  
  38  6:44  Stalker  
  38  6:45  Stalker  
  26  7:23  Photon Cannon  
  26  7:35  Dark Templar  
  28  7:37  Dark Templar  
  30  7:48  Dark Templar  
  32  8:10  Adept  
  32  8:11  Adept  
  16  8:49  Probe (Chrono Boost)  
  17  8:59  Probe (Chrono Boost)  
Tags
 
Add a new tag
Caveats
  • Supply blocks, unpowered buildings, or Contaminate may cause inaccurate times.
  • Supply counts are checked every 10 seconds.